 Dungeon Crawl Stone Soup version 0.20.1-1-g8b1a95d (webtiles) character file.

11938 RKaid the Merchant of Misery (level 11, -5/91 HPs)
             Began as a Mummy Necromancer on July 22, 2017.
             Was a Believer of Kikubaaqudgha.
             Slain by a four-headed hydra (15 damage)
             ... on level 3 of the Lair of Beasts.
             The game lasted 01:17:04 (18571 turns).

RKaid the Merchant of Misery (Mummy Necromancer)   Turns: 18571, Time: 01:17:04

Health: -5/91      AC:  5    Str: 12    XL:     11   Next: 55%
Magic:  13/23      EV: 15    Int: 17    God:    Kikubaaqudgha [**....]
Gold:   191        SH:  9    Dex: 18    Spells: 11/26 levels left

rFire    . . .     SeeInvis .   a - +3 flail (pain)
rCold    + . .     Gourm    .   z - +1 buckler {rF+}
rNeg     + + +     Faith    .   g - +1 robe {Archmagi}
rPois    ∞         Spirit   .   (no helmet)
rElec    .         Reflect  +   (no cloak)
rCorr    .         Harm     .   l - +0 pair of gloves
MR       +....                  x - +0 pair of boots {Stlth+}
Stlth    ++++......             I - +3 amulet of reflection
Regen    0.3/turn               j - +5 ring of dexterity
MPRegen  0.2/turn               r - ring of stealth {Stlth+}

@: no status effects
A: no food or potions, fire vulnerability, cold resistance 1, negative energy
resistance 3, torment resistance, unbreathing
a: Receive Corpses, Renounce Religion


You were on level 3 of the Lair of Beasts.
You worshipped Kikubaaqudgha.
Kikubaaqudgha was pleased with you.
You were not hungry.

You visited 3 branches of the dungeon, and saw 14 of its levels.

You collected 558 gold pieces.
You spent 367 gold pieces at shops.

Inventory:

Hand Weapons
 a - a +3 flail of pain (weapon)
   (You took it off a gnoll on level 2 of the Dungeon)
 b - a +0 whip of electrocution
   (You took it off a gnoll on level 2 of the Dungeon)
 d - a +1 dagger of pain
   (You took it off an orc wizard on level 3 of the Dungeon)
 e - the +3 hunting sling of the Equator {velocity, rPois MR+}
   (You bought it in a shop on level 8 of the Dungeon)

   Any stone fired from it inflicts extra damage.
   It protects you from poison.
   It affects your resistance to hostile enchantments.
 w - a +0 blowgun
   (You took it off a kobold on level 3 of the Dungeon)
Missiles
 h - 48 poisoned needles
 q - 315 stones (quivered)
 v - 2 throwing nets {=f}
 y - 18 sling bullets
 K - 6 needles of sleeping
 L - 2 tomahawks
Armour
 g - a +1 robe of the Archmagi (worn)
   (You took it off an orc wizard on level 6 of the Dungeon)
 l - a +0 pair of gloves (worn)
   (You found it on level 3 of the Dungeon)
 x - a +0 pair of boots of stealth (worn)
   (You found it on level 5 of the Dungeon)
 z - a +1 buckler of fire resistance (worn)
   (You bought it in a shop on level 8 of the Dungeon)
 J - a +1 robe of cold resistance
   (You took it off Psyche on level 9 of the Dungeon)
Jewellery
 j - a +5 ring of dexterity (left hand)
   (You found it on level 1 of the Dungeon)
 r - a ring of stealth (right hand) {Stlth+}
   (You found it on level 1 of the Lair of Beasts)
 I - a +3 amulet of reflection (around neck)
   (You found it on level 9 of the Dungeon)
Wands
 i - a wand of paralysis (15/24)
   (You found it on level 3 of the Lair of Beasts)
 A - a wand of acid (10/15)
   (You found it on level 9 of the Dungeon)
 E - a wand of polymorph (14/24)
   (You found it on level 8 of the Dungeon)
 F - a wand of scattershot (4/9)
   (You found it on level 8 of the Dungeon)
 G - a wand of confusion (11/48)
   (You found it on level 8 of the Dungeon)
 N - a wand of enslavement (2/24)
   (You found it on level 1 of the Lair of Beasts)
Scrolls
 c - 2 scrolls of enchant armour
 f - 3 scrolls of recharging
 k - a scroll of noise {unknown}
 m - 3 scrolls of fog
 n - 5 scrolls of magic mapping {!r}
 o - 3 scrolls of remove curse
 s - 3 scrolls of amnesia
 u - 5 scrolls of teleportation
 B - a scroll of fear
 C - a scroll of enchant weapon
 D - 2 scrolls of immolation {unknown}
 M - a scroll of blinking {unknown}
Books
 p - a book of Necromancy
 t - a book of Conjurations
   (You found it on level 4 of the Dungeon)
 H - Kikubaaqudgha's Grimoire of Sinister Arts
   (Kikubaaqudgha gifted it to you on level 8 of the Dungeon)

   Spells                             Type                      Level
   a - Animate Skeleton               Necromancy                   1
   b - Pain                           Necromancy                   1
   c - Corpse Rot                     Necromancy                   2
   d - Vampiric Draining              Necromancy                   3
   e - Control Undead                 Necromancy                   4


   Skills:
 + Level 10.2 Fighting
 + Level 4.7 Dodging
 - Level 1.5 Stealth
 - Level 4.0 Shields
 - Level 8.2 Spellcasting
 - Level 11.0 Necromancy
 + Level 5.0 Evocations


You had 11 spell levels left.
You knew the following spells:

 Your Spells              Type           Power        Failure   Level  Hunger
a - Pain                  Necr           ####         1%          1    N/A
b - Vampiric Draining     Necr           ######....   1%          3    N/A
c - Control Undead        Necr           ######....   1%          4    N/A
d - Animate Dead          Necr           N/A          1%          4    N/A
e - Corpse Rot            Necr           N/A          1%          2    N/A
A - Animate Skeleton      Necr           N/A          1%          1    N/A

Dungeon Overview and Level Annotations

Branches:
Dungeon (10/15)            Temple (1/1) D:6            Lair (3/6) D:8
  Swamp (0/4) Lair:2       Spider (0/4) Lair:2
    Orc: D:9-12

Altars:
Ashenzari
Cheibriados
Dithmenos
Elyvilon
Fedhas
Gozag
Hepliaklqana
Kikubaaqudgha
Makhleb
Nemelex Xobeh
Okawaru
Qazlal
Ru
Sif Muna
Trog
Uskayaw
Vehumet
Xom
Yredelemnul
Zin
The Shining One

Shops:
D:8 %(%([

Annotations:
D:6 Kloppie's ghost, novice HaFi
Lair:2 exclusions: downstairs and 1 more exclusion


Innate Abilities, Weirdness & Mutations

You do not eat or drink.
Your flesh is vulnerable to fire.
You are immune to poison.
Your flesh is cold resistant. (rC+)
You are immune to negative energy. (rN+++)
You are immune to unholy pain and torment.
You can survive without breathing.


Message History

Marking area around the five-headed hydra as unsafe for travelling.
A five-headed hydra comes into view.
Wield which item (- for none, * to show all)? (? for menu, Esc to quit)
e - the +3 hunting sling of the Equator (weapon)
{velocity, rPois MR+} Firing (i - inventory. (,) - cycle):
y - 25 sling bullets (quivered)
Press: ? - help, Shift-Dir - straight line, f - five-headed hydra
Aim: a five-headed hydra (resting)
You shoot a sling bullet.
The sling bullet hits the five-headed hydra!
The five-headed hydra roars!
Firing (i - inventory. (,) - cycle):
y - 24 sling bullets (quivered)
Press: ? - help, Shift-Dir - straight line, f/p - five-headed hydra
Aim: a five-headed hydra (lightly wounded)
You shoot a sling bullet.
The sling bullet hits the five-headed hydra!
Firing (i - inventory. (,) - cycle):
y - 23 sling bullets (quivered)
Press: ? - help, Shift-Dir - straight line, f/p - five-headed hydra
Aim: a five-headed hydra (moderately wounded)
You shoot a sling bullet.
The sling bullet hits the five-headed hydra!
Evoke which item? (* to show all) (? for menu, Esc to quit)
Aiming: Scattershot
Press: ? - help, Shift-Dir - straight line, f/p - five-headed hydra
Aim: a five-headed hydra (heavily wounded)
The burst of metal fragments hits the five-headed hydra. x3
You kill the five-headed hydra!
Kikubaaqudgha accepts your kill.
Your Evocations skill increases to level 5!
This wand has 4 charges left.
A four-headed hydra comes into view.
Firing (i - inventory. (,) - cycle):
y - 22 sling bullets (quivered)
Press: ? - help, Shift-Dir - straight line, f - four-headed hydra
Aim: a four-headed hydra (hasn't noticed you)
You shoot a sling bullet. The four-headed hydra roars!
The sling bullet hits the four-headed hydra.
Firing (i - inventory. (,) - cycle):
y - 21 sling bullets (quivered)
Press: ? - help, Shift-Dir - straight line, f/p - four-headed hydra
Aim: a four-headed hydra (lightly wounded)
You shoot a sling bullet.
The sling bullet hits the four-headed hydra.
Firing (i - inventory. (,) - cycle):
y - 20 sling bullets (quivered)
Press: ? - help, Shift-Dir - straight line, f/p - four-headed hydra
Aim: a four-headed hydra (lightly wounded)
You shoot a sling bullet.
The sling bullet barely misses the four-headed hydra.
Firing (i - inventory. (,) - cycle):
y - 19 sling bullets (quivered)
Press: ? - help, Shift-Dir - straight line, f/p - four-headed hydra
Aim: a four-headed hydra (lightly wounded)
You shoot a sling bullet.
The sling bullet hits the four-headed hydra!
Casting: Vampiric Draining
Confirm with . or Enter, or press ? or * to list all spells.
Aiming: Pain
Press: ? - help, Shift-Dir - straight line, f/p - four-headed hydra
Aim: a four-headed hydra (moderately wounded, chance to defeat MR: 54%)
You feel a surge of power!
The four-headed hydra resists with significant effort.
Wield which item (- for none, * to show all)? (? for menu, Esc to quit)
A searing pain shoots up your bandage-wrapped arm!
a - a +3 flail of pain (weapon)
Casting: Pain
Confirm with . or Enter, or press ? or * to list all spells.
Aiming: Pain
Press: ? - help, Shift-Dir - straight line, f/p - four-headed hydra
Aim: a four-headed hydra (moderately wounded, chance to defeat MR: 54%)
You feel a surge of power!
The four-headed hydra resists with significant effort.
The four-headed hydra misses you. The four-headed hydra bites you!
The four-headed hydra bites you. The four-headed hydra bites you!
Casting: Pain
Confirm with . or Enter, or press ? or * to list all spells.
Aiming: Vampiric Draining
Press: ? - help, Shift-Dir - straight line, f/p - four-headed hydra
Aim: a four-headed hydra (moderately wounded)
You feel a surge of power!
You feel life coursing into your body.
You block the four-headed hydra's attack.
The four-headed hydra bites you but does no damage.
The four-headed hydra bites you.
The four-headed hydra barely misses you.
Casting: Vampiric Draining
Confirm with . or Enter, or press ? or * to list all spells.
Aiming: Vampiric Draining
Press: ? - help, Shift-Dir - straight line, f/p - four-headed hydra
Aim: a four-headed hydra (heavily wounded)
You feel a surge of power!
You feel life coursing into your body. The four-headed hydra bites you.
The four-headed hydra bites you! x3
* * * LOW HITPOINT WARNING * * *
Casting: Vampiric Draining
Confirm with . or Enter, or press ? or * to list all spells.
Aiming: Vampiric Draining
Press: ? - help, Shift-Dir - straight line, f/p - four-headed hydra
Aim: a four-headed hydra (heavily wounded)
You feel a surge of power!
You feel life coursing into your body. The four-headed hydra bites you!
* * * LOW HITPOINT WARNING * * *
The four-headed hydra closely misses you.
The four-headed hydra bites you!
You die...
Kikubaaqudgha rasps: "You have failed me!
Welcome... oblivion!"

.................#....##
.......................##
.................PPP...P#
...#..............[....##
.....!P.................#
.###.##.................#
###.##................##
####.#..##.....P...........
.........D@.#............##
.....((....##............#
.....†.....##.##...#.....##
...(..........P#..##......#
..(#...........#..#PP.....#
.(#...........##..P.......#
###...................P##
##...>........<....###
##..##.#..#..##..##


You could see a four-headed hydra.

Vanquished Creatures
  2 hydras
  A two-headed ogre (D:8)
  The ghost of lotsofdiagrams the Tainter, a novice NaVM of Qazlal (D:8)
  2 elephants (Lair:2)
  A centaur zombie (D:8)
  A komodo dragon (Lair:1)
  A rime drake (Lair:1)
  Prince Ribbit (D:8)
  2 hippogriffs
  A hornet (D:9)
  A redback (Lair:2)
  A spriggan (D:8)
  9 yaks
  A basilisk (Lair:1)
  4 water moccasins
  3 porcupines
  2 sky beasts
  6 ogres
  2 phantoms
  2 centaurs
  4 crocodiles
  4 bullfrogs
  A water moccasin skeleton (D:6)
  2 scorpions (D:8)
  3 killer bees (D:8)
  3 howler monkeys
  An electric eel (Lair:2)
  8 crimson imps
  A quasit (D:8)
  3 bullfrog zombies
  2 jellies
  2 hounds
  7 orc wizards
  A centaur skeleton (D:6)
  2 orc priests
  A bullfrog skeleton (D:5)
  2 iguanas
  7 worker ants
  A hound zombie (D:5)
  A hound skeleton (D:5)
  2 worker ant zombies
  7 gnolls
  12 adders
  3 shadow imps
  An ooze (D:3)
  2 adder skeletons
  3 worms
  2 dart slugs (D:1)
  6 leopard geckos
  23 orcs
  6 giant cockroaches
  2 gnoll zombies (D:2)
  8 goblins
  8 hobgoblins
  7 jackals
  5 quokkas
  6 bats
  5 frilled lizards
  8 kobolds
  A leopard gecko zombie (D:8)
  A quokka zombie (D:6)
  5 rats
223 creatures vanquished.

Vanquished Creatures (collateral kills)
  2 spiny frogs
  Psyche (D:9)
  A komodo dragon (Lair:2)
  A jumping spider (Lair:2)
  A hornet (D:9)
  A hippogriff (Lair:1)
  3 yaks (Lair:2)
  A black bear (D:7)
  An ogre (D:9)
  A crocodile (Lair:1)
  A bullfrog (Lair:2)
  A jelly (D:9)
  An iguana (D:9)
  An orc wizard (D:3)
  A bullfrog skeleton (D:9)
  A worker ant (D:7)
  A worker ant zombie (D:5)
  An adder (D:9)
  A worm (D:3)
  3 orcs (D:3)
  A goblin (D:1)
26 creatures vanquished.

Vanquished Creatures (others)
  A rat (D:3)
  A plant (Lair:2)
2 creatures vanquished.

Grand Total: 251 creatures vanquished

Notes
Turn   | Place    | Note
-------+----------+-------------------------------------------
     0 | D:1      | RKaid the Mummy Necromancer began the quest for the Orb.
     0 | D:1      | Reached XP level 1. HP: 13/13 MP: 4/4
    51 | D:1      | Learned a level 1 spell: Animate Skeleton
   323 | D:1      | Reached XP level 2. HP: 20/20 MP: 1/5
   750 | D:1      | Reached skill level 1 in Fighting
  1229 | D:2      | Reached skill level 3 in Spellcasting
  1413 | D:2      | Reached XP level 3. HP: 26/26 MP: 1/7
  1651 | D:2      | Found a glowing silver altar of Zin.
  1936 | D:2      | Found a basalt altar of Yredelemnul.
  2179 | D:2      | Reached skill level 5 in Necromancy
  2243 | D:2      | Learned a level 3 spell: Vampiric Draining
  2266 | D:3      | Reached XP level 4. HP: 30/32 MP: 3/8
  2360 | D:3      | Learned a level 4 spell: Control Undead
  2387 | D:3      | HP: 5/32 [orc/war axe (6)]
  3066 | D:3      | Reached skill level 2 in Fighting
  3101 | D:3      | Reached XP level 5. HP: 37/38 MP: 5/10
  3207 | D:3      | Reached skill level 4 in Spellcasting
  3487 | D:3      | Reached skill level 1 in Shields
  3639 | D:3      | Reached skill level 6 in Necromancy
  3639 | D:3      | Reached XP level 6. HP: 44/44 MP: 6/12
  3776 | D:3      | Learned a level 4 spell: Animate Dead
  3801 | D:3      | Found a shimmering altar of Xom.
  4456 | D:4      | Found an iron altar of Okawaru.
  5457 | D:5      | Entered Level 5 of the Dungeon
  5465 | D:5      | Reached skill level 2 in Shields
  5545 | D:5      | Reached skill level 5 in Spellcasting
  5687 | D:5      | Noticed a sky beast
  5712 | D:5      | HP: 11/44 [adder (1)]
  5719 | D:5      | HP: 11/44 [hound zombie (1)]
  5724 | D:5      | HP: 7/44 [hound zombie (1)]
  5726 | D:5      | Reached XP level 7. HP: 9/50 MP: 4/14
  6251 | D:5      | Reached skill level 3 in Shields
  6932 | D:5      | Reached skill level 4 in Shields
  6932 | D:5      | Reached skill level 6 in Spellcasting
  6932 | D:5      | Reached skill level 7 in Necromancy
  7178 | D:5      | Reached XP level 8. HP: 46/56 MP: 17/17
  7692 | D:6      | Reached skill level 3 in Fighting
  8049 | D:6      | Found an opulent altar of Gozag.
  8084 | D:6      | Found a staircase to the Ecumenical Temple.
  8105 | Temple   | Entered the Ecumenical Temple
  8351 | Temple   | Became a worshipper of Kikubaaqudgha
  8457 | D:6      | Reached skill level 7 in Spellcasting
  8580 | D:6      | Noticed Kloppie's ghost (novice HaFi)
  8705 | D:6      | Reached skill level 4 in Fighting
  9374 | D:6      | Found a shadowy altar of Dithmenos.
  9560 | D:7      | Identified a scroll of acquirement
  9712 | D:7      | Reached skill level 5 in Fighting
 10088 | D:7      | Reached XP level 9. HP: 48/68 MP: 12/20
 10184 | D:7      | Found a deep blue altar of Sif Muna.
 10289 | D:7      | Got a brightly glowing quarterstaff
 10636 | D:8      | Found Teohin's Antique Weapon Shop.
 10696 | D:8      | Noticed a two-headed ogre
 10803 | D:8      | Found a staircase to the Lair.
 10819 | D:8      | Reached skill level 6 in Fighting
 10819 | D:8      | Reached skill level 8 in Spellcasting
 10819 | D:8      | Reached skill level 8 in Necromancy
 10925 | D:8      | Identified the +2 quarterstaff of Gozag's Displeasure {drain, rC+} (You found it on level 7 of the Dungeon)
 10969 | D:8      | Found Inukhleist's Food Shop.
 11286 | D:8      | Noticed lotsofdiagrams's ghost (novice NaVM)
 11497 | D:8      | Noticed Prince Ribbit
 11508 | D:8      | Killed Prince Ribbit
 11508 | D:8      | Reached skill level 2 in Dodging
 11643 | D:8      | Found Metiotzu's Armour Emporium.
 11648 | D:8      | Bought a +1 buckler of fire resistance for 198 gold pieces
 11664 | D:8      | Found Idwynet's Antique Weapon Shop.
 11760 | D:8      | Found Buyl's Food Boutique.
 11787 | D:8      | Reached skill level 7 in Fighting
 12076 | D:8      | Reached skill level 3 in Dodging
 12096 | D:8      | Reached * piety under Kikubaaqudgha
 12096 | D:8      | Identified Kikubaaqudgha's Grimoire of Sinister Arts (Kikubaaqudgha gifted it to you on level 8 of the Dungeon)
 12096 | D:8      | Received a gift from Kikubaaqudgha
 12127 | D:8      | Killed a two-headed ogre
 12127 | D:8      | Reached skill level 9 in Necromancy
 12249 | D:8      | Reached XP level 10. HP: 72/79 MP: 16/22
 12443 | D:8      | Killed lotsofdiagrams's ghost
 12717 | D:8      | Reached skill level 8 in Fighting
 12717 | D:8      | Reached skill level 4 in Dodging
 13208 | D:9      | Noticed Psyche
 13222 | D:9      | HP: 19/80 [hippogriff (3)]
 13225 | D:9      | HP: 7/80 [hippogriff (7)]
 13306 | D:9      | Killed Psyche
 13701 | D:9      | Reached skill level 1 in Evocations
 14250 | D:9      | Reached skill level 2 in Evocations
 14376 | D:9      | Found a sacrificial altar of Ru.
 14427 | D:9      | Reached skill level 10 in Necromancy
 14667 | D:10     | Entered Level 10 of the Dungeon
 14743 | D:8      | Bought a fine hunting sling for 169 gold pieces
 14774 | Lair:1   | Entered Level 1 of the Lair of Beasts
 14939 | Lair:1   | Identified the +3 hunting sling of the Equator {velocity, rPois MR+} (You bought it in a shop on level 8 of the Dungeon)
 15200 | Lair:1   | Reached skill level 9 in Fighting
 15454 | Lair:1   | Reached skill level 3 in Evocations
 15549 | Lair:1   | Noticed a spiny frog
 15805 | Lair:1   | Killed a spiny frog
 15862 | Lair:1   | Reached XP level 11. HP: 62/89 MP: 7/23
 16118 | Lair:1   | Reached ** piety under Kikubaaqudgha
 16214 | Lair:2   | Noticed a four-headed hydra
 16362 | Lair:2   | Found a staircase to the Swamp.
 16414 | Lair:2   | Reached skill level 4 in Evocations
 16748 | Lair:2   | Killed a four-headed hydra
 17122 | Lair:2   | Found a hole to the Spider Nest.
 17128 | Lair:2   | HP: 21/90 [jumping spider (2)]
 17128 | Lair:2   | HP: 9/90 [jumping spider (12)]
 17455 | Lair:1   | Learned a level 2 spell: Corpse Rot
 18335 | Lair:2   | Reached skill level 10 in Fighting
 18335 | Lair:2   | Reached skill level 11 in Necromancy
 18554 | Lair:3   | Noticed a five-headed hydra
 18559 | Lair:3   | Killed a five-headed hydra
 18559 | Lair:3   | Reached skill level 5 in Evocations
 18560 | Lair:3   | Noticed a four-headed hydra
 18571 | Lair:3   | HP: 10/91 [four-headed hydra (17)]
 18571 | Lair:3   | Slain by a four-headed hydra

Skill      XL: |  1  2  3  4  5  6  7  8  9 10 11 |
---------------+----------------------------------+-----
Fighting       | 1 2 5 7 9 10 | 10.2
Spellcasting   | 3 4 5 6 7 8 |  8.2
Necromancy     | 5 6 7 9 10 11 | 11.0
Shields        | 1 2 4 |  4.0
Dodging        | 3 4 |  4.7
Evocations     | 3 5 |  5.0
Stealth        | |  1.5

Action                   |  1- 3 |  4- 6 |  7- 9 | 10-12 || total
-------------------------+-------+-------+-------+-------++-------
Melee: Unarmed           |     1 |       |       |       ||     1
       Hand axe          |     4 |       |       |       ||     4
       Whip              |     9 |    17 |   126 |    38 ||   190
       Flail             |     4 |    38 |    66 |   103 ||   211
       Dagger            |       |    23 |     2 |     1 ||    26
 Fire: Hunting sling     |       |       |     3 |    69 ||    72
       Blowgun           |       |       |       |     2 ||     2
 Cast: Pain              |    66 |   139 |   119 |   142 ||   466
       Animate Skeleton  |    14 |    23 |     9 |       ||    46
       Animate Dead      |       |     1 |     5 |    25 ||    31
       Control Undead    |       |     1 |     8 |     3 ||    12
       Vampiric Draining |       |       |    22 |    30 ||    52
Invok: Receive Corpses   |       |       |       |     1 ||     1
Evoke: Wand              |       |       |       |     5 ||     5
  Use: Scroll            |       |    10 |     8 |     6 ||    24
 Stab: Sleeping          |       |       |     4 |     3 ||     7
       Distracted        |       |       |       |     1 ||     1
Armor: Ring mail         |    10 |    16 |       |       ||    26
       Robe              |       |    14 |    37 |    38 ||    89
Dodge: Dodged            |    12 |    77 |   108 |   117 ||   314
Block: Buckler           |       |    16 |    72 |    82 ||   170
       Reflection        |       |       |       |     1 ||     1

Table legend:
 A = Turns spent in this place as a percentage of turns spent in the entire game.
 B = Non-inter-level travel turns spent in this place as a percentage of non-inter-level travel turns spent in the entire game.
 C = Inter-level travel turns spent in this place as a percentage of turns spent in this place.
 D = Turns resting spent in this place as a percentage of non-inter-level travel turns spent in this place.
 E = Turns spent auto-exploring this place as a percentage of non-inter-level travel turns spent in this place.
 F = Non-inter-level travel turns spent in this place divided by the number of levels of this place that you've seen.
                   A       B       C       D       E      F
               +-------+-------+-------+-------+-------+----------------------
         Total | 100.0 | 100.0 |   0.5 |   5.8 |   3.6 | 388.4
       Dungeon |  77.1 |  77.1 |   0.5 |   6.6 |   3.7 | 419.5
        Temple |   0.4 |   0.4 |   8.7 |   0.0 |  90.5 |  21.0
          Lair |  22.4 |  22.5 |   0.4 |   3.4 |   1.9 | 407.3
               +-------+-------+-------+-------+-------+----------------------

Table legend:
 A = Kills in this place as a percentage of kills in entire the game.
 B = Kills by you in this place as a percentage of kills by you in the entire game.
 C = Kills by friends in this place as a percentage of kills by friends in the entire game.
 D = Other kills in this place as a percentage of other kills in the entire game.
 E = Experience gained in this place as a percentage of experience gained in the entire game.
 F = Experience gained in this place divided by the number of levels of this place that you have seen.
                   A       B       C       D       E      F
               +-------+-------+-------+-------+-------+----------------------
         Total | 100.0 | 100.0 | 100.0 | 100.0 | 100.0 | 1218.2
       Dungeon |  85.2 |  87.9 |  61.5 | 100.0 |  51.5 | 878.6
          Lair |  14.8 |  12.1 |  38.5 |   0.0 |  48.5 | 2756.3
               +-------+-------+-------+-------+-------+----------------------
